 Dungeon Crawl Stone Soup version 0.26-a0-228-g29f007ebfe (webtiles) character file.

Game seed: 16007699134701883928

4770 Esekla the Stinger (level 10, -1/68 HPs)
             Began as a Formicid Abyssal Knight on July 7, 2020.
             Was an Elder of Lugonu.
             Slain by a wolf (8 damage)
             ... led by Grum
             ... on level 8 of the Dungeon.
             The game lasted 02:10:54 (14291 turns).

Esekla the Stinger (Formicid Abyssal Knight)       Turns: 14291, Time: 02:10:55

Health: -1/68      AC:  8    Str: 19    XL:     10   Next: 75%
Magic:  26/26      EV: 12    Int: 15    God:    Lugonu [****..]
Gold:   293        SH:  0    Dex: 10    Spells: 2/19 levels left

rFire    + + .     SeeInvis +   a - +3 great sword
rCold    . . .     Faith    .   (no shield)
rNeg     . . .     Spirit   .   e - +3 leather armour {rF+}
rPois    .         Reflect  .   (helmet unavailable)
rElec    .         Harm     .   s - +0 cloak
rCorr    .                      p - +0 pair of gloves
MR       +....                  (no boots)
Stlth    ++........             (no amulet)
HPRegen  0.21/turn              w - ring of protection from fire
MPRegen  0.20/turn              r - ring of magical power

@: no status effects
A: permanent stasis, dig shafts and tunnels, four strong arms, antennae 3, frail
1, screaming 1, strong 1, sturdy frame 1
a: Dig, Shaft Self, Depart the Abyss, Bend Space, Banish, Corrupt, Renounce
Religion


You were on level 8 of the Dungeon.
You worshipped Lugonu.
Lugonu was greatly pleased with you.
You were not hungry.

You visited 2 branches of the dungeon, and saw 10 of its levels.
You visited the Abyss 1 time.

You collected 440 gold pieces.
You spent 147 gold pieces at shops.

Inventory:

Hand Weapons
 a - a +3 great sword (weapon)
 b - a +0 short sword
 g - a +0 halberd
 o - a +1 falchion
 t - a +1 vorpal trident
 v - a +0 war axe of venom
 z - a +2 falchion of freezing
Missiles
 f - 39 poisoned darts (quivered)
 B - 17 boomerangs
Armour
 e - a +3 leather armour of fire resistance (worn)
 p - a +0 pair of gloves (worn)
 s - a +0 cloak (worn)
Jewellery
 r - a ring of magical power (right hand)
 w - a ring of protection from fire (left hand)
Wands
 i - a wand of polymorph (9)
 y - a wand of iceblast (9)
Scrolls
 c - a scroll of identify
 j - 2 scrolls of enchant weapon
 k - a scroll of enchant armour
 l - 3 scrolls of fear {unknown}
 n - a scroll of magic mapping
 q - a scroll of random uselessness {unknown}
 x - 3 scrolls of remove curse
Potions
 d - a potion of magic
 m - a potion of flight
 u - a potion of invisibility
 A - 4 potions of brilliance
 D - 2 potions of might
Comestibles
 C - a ration


   Skills:
 + Level 5.8 Fighting
 + Level 5.5 Long Blades
 + Level 1.4(2.0) Axes
 + Level 1.8(2.1) Polearms
 + Level 3.6 Throwing
 + Level 3.2 Armour
 + Level 2.5 Dodging
 + Level 2.6 Stealth
 * Level 5.1 Spellcasting
 + Level 3.5 Conjurations
 * Level 2.2 Summonings
 * Level 3.1 Necromancy
 * Level 4.0 Fire Magic
 * Level 3.5 Air Magic
 * Level 6.0 Poison Magic
 + Level 4.5 Invocations


You had 2 spell levels left.
You knew the following spells:

 Your Spells              Type           Power        Failure   Level
a - Magic Dart            Conj           ##..         4%          1
b - Corpse Rot            Necr/Air       N/A          6%          2
c - Mephitic Cloud        Conj/Pois/Air  ###.....     9%          3
d - Dispel Undead         Necr           ##......     41%         4
f - Conjure Flame         Conj/Fire      ###.....     11%         3
s - Summon Lightning Spi  Summ/Air       ##......     45%         4

Your spell library contained the following spells:

 Spells                   Type           Power        Failure   Level
 Poisonous Vapours        Pois/Air       ###...       3%          2
 Sting                    Tmut/Pois      ##..         4%          1
 Summon Small Mammal      Summ           ##..         7%          1
 Sublimation of Blood     Necr           ##........   7%          2
 Call Imp                 Summ           ##......     10%         2
 Slow                     Hex            #.......     26%         2
 Ignite Poison            Fire/Tmut/Pois ##......     13%         3
 Olgreb's Toxic Radiance  Pois           ###.....     14%         4
 Call Canine Familiar     Summ           ##......     21%         3
 Summon Guardian Golem    Hex/Summ       #.......     32%         3
 Summon Ice Beast         Ice/Summ       #.......     71%         4
 Agony                    Necr           ##......     77%         5
 Excruciating Wounds      Chrm/Necr      #.........   94%         5
 Blink                    Tloc           Unusable     N/A         2

Dungeon Overview and Level Annotations

Branches:
Dungeon (9/15)             Temple (1/1) D:5
   Lair: D:8-11         Orc: D:9-12

Altars:
Ashenzari
Dithmenos
Elyvilon
Fedhas
Gozag
Hepliaklqana
Kikubaaqudgha
Makhleb
Nemelex Xobeh
Qazlal
Ru
Sif Muna
Trog
Uskayaw
Vehumet
Wu Jian
Xom
Yredelemnul
Zin
The Shining One

Shops:
D:4 }   D:6 *

Annotations:
D:7 Harold, Joseph, Pikel


Innate Abilities, Weirdness & Mutations

You cannot be hasted, slowed, berserked, paralysed or teleported.
You can dig through walls and to a lower floor.
Your four strong arms can wield two-handed weapons with a shield.
You have a pair of large antennae on your head. (SInv)
You are frail. (-10% HP)
You occasionally shout uncontrollably at your foes.
Your muscles are strong. (Str +2)
Your movements are slightly less encumbered by armour. (ER -2)


Message History

The wolf closely misses you.
You barely miss the wolf.
The wolf is severely wounded.
The wolf bites you!
* * * LOW HITPOINT WARNING * * *
The wolf barely misses you.
You riposte.
You miss the wolf.
The wolf is severely wounded.
You hit the wolf.
The wolf is severely wounded.
The wolf bites you!
* * * LOW HITPOINT WARNING * * *
The wolf barely misses you. The wolf bites you.
* * * LOW HITPOINT WARNING * * *
You feel better. The wolf closely misses you.
You riposte.
You closely miss the wolf.
The wolf is severely wounded.
The wolf bites you.
* * * LOW HITPOINT WARNING * * *
The wolf bites you!
You die...

...#.......#........#
...#######'#........#
...)......÷.....#####
................'..#
......†.........#..#
................#..#
...#+############..#
...# +...#..# ...#
#..h@..# ...#
#)###..# ...#
#..##..# #.
#+###..#####
#..###..##..#...#
#...........#...#
#...........#...#
+.......##[.##..#
#..####+##'###..#


You could see a wolf.

Vanquished Creatures
  A two-headed ogre (D:5)
  Prince Ribbit (D:6)
  Eustachio (D:5)
  Grum (D:8)
  Edmund (D:4)
  Menkaure (D:5)
  3 orc warriors
  2 sky beasts (D:6)
  2 black bears (D:6)
  4 ice beasts
  A necrophage (D:5)
  3 wolves (D:8)
  6 ogres
  2 centaurs
  A lemure (D:5)
  Blork the orc (D:4)
  A bullfrog (D:8)
  4 killer bees (D:9)
  3 wights
  2 howler monkeys
  A bullfrog zombie (D:5)
  A jelly (D:6)
  2 gnoll shamans
  2 orc priests (D:8)
  2 hounds
  3 iguanas
  7 orc wizards
  6 worker ants
  A hound zombie (D:6)
  4 worker ant zombies
  12 gnolls
  8 adders
  3 shadow imps
  2 ufetubi (D:9)
  An ooze (D:4)
  2 worms
  A dart slug (D:2)
  8 leopard geckos
  11 orcs
  9 giant cockroaches
  13 goblins
  12 hobgoblins
  10 jackals
  6 quokkas
  2 ball pythons (D:3)
  8 bats
  5 frilled lizards
  12 kobolds
  A leopard gecko skeleton (D:4)
  A quokka skeleton (D:4)
  9 rats
206 creatures vanquished.

Notes
Turn   | Place    | Note
-------+----------+-------------------------------------------
     0 | Abyss:1  | Esekla the Formicid Abyssal Knight began the quest for the
                  | Orb.
     0 | Abyss:1  | Reached XP level 1. HP: 18/18 MP: 2/2
    53 | Abyss:1  | Noticed a chaos spawn
    66 | Abyss:1  | Noticed a neqoxec
    68 | Abyss:1  | Gained mutation: Scrolls take you a little longer to read.
                  | [a neqoxec]
   108 | Abyss:2  | Noticed a flying skull
   109 | Abyss:2  | Found a corrupted altar of Lugonu.
   109 | Abyss:2  | Noticed a flying skull
   109 | Abyss:2  | Noticed a flying skull
   110 | Abyss:2  | Noticed a small abomination
   116 | D:1      | Escaped the Abyss
   447 | D:1      | Reached XP level 2. HP: 25/25 MP: 3/3
   575 | D:1      | Reached * piety under Lugonu
   688 | D:1      | Reached XP level 3. HP: 27/30 MP: 4/4
   698 | D:1      | Learned a level 2 spell: Corpse Rot
  1553 | D:2      | Reached XP level 4. HP: 37/37 MP: 5/5
  1875 | D:2      | Reached ** piety under Lugonu
  2403 | D:3      | Found a sacrificial altar of Ru.
  2409 | D:3      | Reached skill level 1 in Dodging
  2422 | D:3      | Reached skill level 1 in Necromancy
  2422 | D:3      | Reached skill level 1 in Air Magic
  2422 | D:3      | Reached XP level 5. HP: 33/43 MP: 6/6
  2536 | D:4      | Noticed an ogre
  2562 | D:4      | Killed an ogre
  2562 | D:4      | Reached skill level 1 in Spellcasting
  2562 | D:4      | Reached XP level 6. HP: 48/49 MP: 7/7
  2623 | D:5      | Entered Level 5 of the Dungeon
  2693 | D:5      | Learned a level 1 spell: Magic Dart
  2697 | D:5      | Learned a level 3 spell: Mephitic Cloud
  2869 | D:4      | Found Foajexzi's Gadget Shoppe.
  3084 | D:4      | Found a white marble altar of Elyvilon.
  3105 | D:4      | Noticed Edmund
  3135 | D:4      | Killed Edmund
  3135 | D:4      | Reached skill level 1 in Throwing
  3135 | D:4      | Reached skill level 1 in Poison Magic
  3415 | D:3      | Reached skill level 5 in Fighting
  3439 | D:3      | Found a shattered altar of Ashenzari.
  3674 | D:3      | Reached XP level 7. HP: 56/56 MP: 5/9
  3779 | D:3      | Found an ancient bone altar of Kikubaaqudgha.
  4617 | D:4      | Reached skill level 1 in Conjurations
  5401 | D:4      | Noticed Blork the orc
  5425 | D:4      | Killed Blork the orc
  5425 | D:4      | Reached skill level 1 in Stealth
  5590 | D:5      | Noticed a two-headed ogre
  5866 | D:5      | Reached skill level 2 in Poison Magic
  5866 | D:5      | Reached XP level 8. HP: 62/62 MP: 11/11
  5989 | D:4      | Learned a level 3 spell: Conjure Flame
  6025 | D:4      | Reached skill level 1 in Axes
  6194 | D:5      | Noticed Eustachio
  6231 | D:5      | Killed Eustachio
  6231 | D:5      | Reached skill level 3 in Poison Magic
  6429 | D:5      | Found a staircase to the Ecumenical Temple.
  6455 | Temple   | Entered the Ecumenical Temple
  7179 | D:5      | Found an ornate altar of the Wu Jian Council.
  7764 | D:5      | Reached skill level 1 in Fire Magic
  8040 | D:5      | Killed a two-headed ogre
  8040 | D:5      | Reached skill level 1 in Polearms
  8040 | D:5      | Reached skill level 4 in Poison Magic
  8040 | D:5      | Reached XP level 9. HP: 16/67 MP: 14/14
  9175 | D:5      | Upgraded the game from 0.26-a0-224-g2964c8cf50 to
                  | 0.26-a0-228-g29f007ebfe
  9244 | D:5      | Learned a level 4 spell: Summon Lightning Spire
  9257 | D:5      | Noticed Menkaure
  9272 | D:5      | Killed Menkaure
 10068 | D:6      | Found a shimmering altar of Xom.
 10119 | D:6      | Found a sparkling altar of Nemelex Xobeh.
 10127 | D:6      | Noticed Prince Ribbit
 10138 | D:6      | Lost mutation: Scrolls take you a little longer to read.
                  | [potion of mutation]
 10138 | D:6      | Gained mutation: You are frail. (-10% HP) [potion of
                  | mutation]
 10138 | D:6      | Gained mutation: You occasionally shout uncontrollably at
                  | your foes. [potion of mutation]
 10138 | D:6      | Gained mutation: Your muscles are strong. (Str +2) [potion
                  | of mutation]
 10138 | D:6      | Gained mutation: Your movements are slightly less
                  | encumbered by armour. (ER -2) [potion of mutation]
 10149 | D:6      | Reached skill level 5 in Poison Magic
 10535 | D:6      | Found a shimmering altar of Xom.
 10535 | D:6      | Found a shimmering altar of Xom.
 10536 | D:6      | Found a shimmering altar of Xom.
 10536 | D:6      | Found a shimmering altar of Xom.
 10536 | D:6      | Found a shimmering altar of Xom.
 10551 | D:6      | Reached *** piety under Lugonu
 10551 | D:6      | Reached skill level 5 in Long Blades
 10689 | D:6      | Reached XP level 10. HP: 20/68 MP: 16/16
 11109 | D:6      | Reached skill level 1 in Summonings
 11157 | D:6      | Found a glowing golden altar of the Shining One.
 11180 | D:6      | Found Riyraxez's General Store.
 11192 | D:6      | Bought a scroll of enchant armour for 105 gold pieces
 11192 | D:6      | Bought a potion of curing for 42 gold pieces
 11433 | D:7      | Noticed Pikel
 11931 | D:5      | Learned a level 4 spell: Dispel Undead
 12046 | D:6      | Killed Prince Ribbit
 12922 | D:8      | Noticed Harold
 12951 | D:7      | Noticed Joseph
 12957 | D:7      | You fall into a shaft and drop 1 floor!
 13706 | D:8      | Reached **** piety under Lugonu
 14043 | D:8      | Reached skill level 6 in Poison Magic
 14250 | D:8      | Noticed Grum
 14281 | D:8      | Killed Grum
 14281 | D:8      | Reached skill level 5 in Spellcasting
 14288 | D:8      | HP: 1/68 [wolf[Grum] (4)]
 14291 | D:8      | Slain by a wolf

Illustrated notes

Levels and vault maps discovered:
D:1:      roderic_octagonal_star, layout_rooms, kennysheep_small_spiral,
          minmay_small_reverse_x
D:2:      layout_rooms, minmay_tromino_v4_c
D:3:      layout_basic, lemuel_coloured_pillars_altar,
          nicolae_ru_great_annihilating_truth, kiku_gazebo_garden_becter,
          first_ration
D:4:      layout_basic, nicolae_overflow_crystal_walls, serial_shops,
          kennysheep_mini_moat, minmay_misc_feat_roman, minmay_hedge_maze,
          uniq_blork_the_orc, uniq_edmund
D:5:      minmay_thinvault, layout_rooms, kennysheep_mini,
          minmay_temple_entry_nine_rooms, uniq_menkaure, uniq_eustachio
D:6:      layout_layer_cave, xom_redecorated, serial_shops,
          kennysheep_little_box, basic_altar, tso_altar, uniq_prince_ribbit1
D:7:      layout_rooms, okawaru_humans, uniq_pikel, uniq_joseph
D:8:      layout_gridville, gammafunk_ghost_necromancy, special_room
          [special_room_orc], serial_shops, shop_fountains, uniq_harold,
          uniq_grum
D:9:      layout_basic, slow_altar_1
Temple:   zaba_magenta_temple

Skill      XL: |  1  2  3  4  5  6  7  8  9 10 |
---------------+-------------------------------+-----
Fighting       | 4 5 |  5.8
Dodging        | 1 2 |  2.5
Necromancy     | 1 3 |  3.1
Air Magic      | 1 2 3 |  3.5
Long Blades    | 3 4 5 |  5.5
Spellcasting   | 1 2 3 4 5 |  5.1
Throwing       | 1 2 3 |  3.6
Poison Magic   | 1 2 4 5 6 |  6.0
Invocations    | 3 4 |  4.5
Conjurations   | 1 2 3 |  3.5
Armour         | 3 |  3.2
Stealth        | 1 2 |  2.6
Axes           | 1 |  1.4
Fire Magic     | 2 4 |  4.0
Polearms       | 1 |  1.8
Summonings     | 2 |  2.2

Action                   |  1- 3 |  4- 6 |  7- 9 | 10-12 || total
-------------------------+-------+-------+-------+-------++-------
Melee: Falchion          |   105 |   122 |   309 |   136 ||   672
       War axe           |       |       |     6 |       ||     6
       Trident           |       |       |    25 |       ||    25
       Short sword       |       |       |     1 |     1 ||     2
       Great sword       |       |       |       |    58 ||    58
       Halberd           |       |       |       |    20 ||    20
Throw: Dart              |     3 |    37 |    70 |    68 ||   178
 Cast: Magic Dart        |       |    21 |    97 |    32 ||   150
       Mephitic Cloud    |       |       |    10 |    12 ||    22
       Conjure Flame     |       |       |    13 |     4 ||    17
       Corpse Rot        |       |       |     2 |       ||     2
       Dispel Undead     |       |       |       |     1 ||     1
Invok: Depart the Abyss  |     1 |       |       |       ||     1
       Bend Space        |       |     6 |    26 |    11 ||    43
 Abil: Shaft Self        |       |       |       |     1 ||     1
  Use: Scroll            |       |     5 |     6 |       ||    11
       Potion            |       |       |     8 |     2 ||    10
 Stab: Paralysed         |       |     1 |       |       ||     1
       Confused          |       |       |     6 |     6 ||    12
       Sleeping          |       |       |     2 |     1 ||     3
  Eat: Ration            |     1 |     2 |     6 |     4 ||    13
Armor: Leather armour    |    29 |    26 |   114 |    87 ||   256
       Skin              |       |       |    14 |       ||    14
Dodge: Dodged            |    70 |    81 |   193 |   155 ||   499
       Rpst.: Falchion   |    17 |    28 |    67 |    23 ||   135
       Great sword       |       |       |       |    17 ||    17

Table legend:
 A = Non-vault XP
 B = Vault XP
 C = Vault XP percentage of total XP
 D = Non-vault monster count
 E = Vault monster count
 F = Vault count percentage of total count
                 A         B        C        D         E       F
            +---------+---------+-------+---------+---------+-------
      Total |    3882 |    2933 |  43.0 |     175 |      30 |  14.6
            +---------+---------+-------+---------+---------+-------
        D:1 |      37 |       5 |  11.9 |      22 |       4 |  15.4
        D:2 |      82 |       3 |   3.5 |      28 |       1 |   3.4
        D:3 |      46 |      53 |  53.5 |      25 |       4 |  13.8
        D:4 |     587 |     260 |  30.7 |      21 |       2 |   8.7
        D:5 |     567 |    1799 |  76.0 |      12 |      14 |  53.8
        D:6 |    1175 |     268 |  18.6 |      28 |       1 |   3.4
        D:7 |      33 |       0 |   0.0 |       5 |       0 |   0.0
        D:8 |     655 |     545 |  45.4 |      17 |       4 |  19.0
        D:9 |     700 |       0 |   0.0 |      17 |       0 |   0.0
            +---------+---------+-------+---------+---------+-------
